 Seeded DCSS version 0.30.0-3-ga4e48a9924 (webtiles) character file.

Game seed: 1779060243905392848 (custom seed)

1 hikkokomori the Sneak (level 1, -7/18 HPs)
             Began as a Demigod Delver on May 7, 2023.
             Mangled by an iguana (8 damage)
             ... on level 5 of the Dungeon.
             The game lasted 00:01:37 (282 turns).

hikkokomori the Sneak (Demigod Delver)               Turns: 282, Time: 00:01:39

Health: -7/18      AC:  3    Str: 13    XL:     1   Next: 13%
Magic:  3/3        EV: 11    Int: 12    God:
Gold:   0          SH:  0    Dex: 15    Spells: 0/0 levels left

rFire   . . .        a - +0 hand axe
rCold   . . .        (no shield)
rNeg    . . .        b - +0 leather armour
rPois   .            (no helmet)
rElec   .            (no cloak)
rCorr   .            (no gloves)
SInv    .            (no boots)
Will    .....        (no amulet)
Stlth   +++          (no ring)
HPRegen 0.23/turn    (no ring)
MPRegen 0.08/turn

%: no passive effects
@: no status effects
A: high MP 1, forlorn, divine attributes
a: no special abilities


You were on level 5 of the Dungeon.
You visited 1 branch of the dungeon, and saw 3 of its levels.

Inventory:

Hand Weapons
 a - a +0 hand axe (weapon)
Armour
 b - a +0 leather armour (worn)
Wands
 g - a wand of digging (3)
Scrolls
 c - a scroll of fog
 e - a scroll of fear
Potions
 f - a potion of haste


   Skills:
 + Level 2.7 Fighting
 + Level 1.8 Axes
 - Level 1.7 Dodging
 + Level 4.5 Stealth


You couldn't memorise any spells.
You didn't know any spells.
Your spell library was empty.

Dungeon Overview and Level Annotations

Branches:
Dungeon (6/15)             Temple (0/1) D:6


Innate Abilities, Weirdness & Mutations

You have an increased reservoir of magic. (+10% MP)
You shall have no god before yourself.
Your divine heritage dramatically boosts your attributes as you level up.


Message History

The quokka closely misses you.
You hit the quokka.
The quokka is almost dead.
The quokka bites you but does no damage.
The quokka misses you.
You barely miss the quokka.
The quokka is almost dead.
The quokka barely misses you.
You barely miss the quokka.
The quokka is almost dead.
The quokka barely misses you.
You hit the quokka but do no damage.
The quokka is almost dead.
The quokka bites you. The quokka barely misses you.
You closely miss the quokka.
The quokka is almost dead.
The quokka bites you.
You hit the quokka but do no damage.
The quokka is almost dead.
The quokka misses you. The quokka bites you.
You hit the quokka.
You kill the quokka!
You see here a quokka corpse.
You start resting.
HP restored.
A hound comes into view.
Found a trident.
An iguana comes into view.
The iguana hisses angrily.
You hit the iguana but do no damage. The iguana closely misses you.
You barely miss the iguana. The iguana closely misses you.
You barely miss the iguana. The iguana closely misses you.
You barely miss the iguana. The iguana bites you.
You hit the iguana.
The iguana is lightly wounded.
The iguana bites you!
Ouch! That really hurt!
* * * LOW HITPOINT WARNING * * *
The iguana bites you!
You die...

#####.###.##.#
#.........##.##
#.###.##..#...##
####.# #.##.......#
#....# #.###.#...##
#....# #.# #.##....
#...## #.# #.##.###
##.## #.. ..##.# #@#
### ####+## #l##
##...## ##..####
##.....# #......#
##....... #.#.#..#
#....<...
...........+.....<..
###.#.#.)####...(....
#.....## ##.......
#.....# ##.....#


You could see an iguana.

Vanquished Creatures
  A quokka (D:5)
1 creature vanquished.

Notes
Turn   | Place    | Note
-------+----------+-------------------------------------------
     0 | D:5      | hikkokomori the Demigod Delver began the quest for the Orb.
     0 | D:5      | Reached XP level 1. HP: 18/18 MP: 3/3
     5 | D:6      | Noticed a howler monkey
    35 | D:6      | Noticed a hound
   112 | D:6      | Noticed a jelly
   179 | D:4      | Noticed an ice beast
   228 | D:5      | Noticed a hound
   273 | D:5      | Noticed an iguana
   282 | D:5      | Mangled by an iguana

Illustrated notes

Levels and vault maps discovered:
D:4:      layout_rooms, mainiacjoe_overflow_alcove_1,
          nicolae_tso_swordbearing_angel, serial_shops, shop,
          grunt_decor_one_mirror
D:5:      layout_loops_corners, nicolae_dithmenos_the_darkroom, serial_glass,
          glass_columns_a, glass_columns_b, uniq_blork_the_orc
D:6:      layout_basic, temple_fountains, minmay_ruined_shrine

Action                     || total
---------------------------++-------
  Melee: Hand axe          ||    14
    Use: Scroll            ||     1
 Armour: Leather armour    ||     1
  Dodge: Dodged            ||    11
